 Dungeon Crawl Stone Soup version 0.24.0-13-gcf9b319 (webtiles) character file.

Game seed: 7319699632193515726, levelgen mode: deterministic

2775 DiabolicBear the Destroyer (level 9, -2/52 HPs)
             Began as a Tengu Conjurer on Mar 19, 2020.
             Was a Follower of Vehumet.
             Slain by an orc warrior
             ... wielding a +0 war axe
              (17 damage)
             ... on level 9 of the Dungeon.
             The game lasted 00:29:04 (13116 turns).

DiabolicBear the Destroyer (Tengu Conjurer)        Turns: 13116, Time: 00:29:05

Health: -2/52      AC:  5    Str: 12    XL:     9   Next: 70%
Magic:  14/29      EV: 12    Int: 15    God:    Vehumet [*.....]
Gold:   357        SH:  0    Dex: 15    Spells: 11/22 levels left

rFire    . . .     SeeInvis +   y - +2 flail (protect)
rCold    . . .     Gourm    .   (no shield)
rNeg     . . .     Faith    .   B - +0 leather armour
rPois    .         Spirit   .   (helmet restricted)
rElec    .         Reflect  .   (no cloak)
rCorr    .         Harm     .   j - +0 pair of gloves
MR       .....                  (boots unavailable)
Stlth    ++........             (no amulet)
HPRegen  0.17/turn              G - ring of see invisible
MPRegen  0.21/turn              u - ring of magical power

@: very slightly contaminated
A: beak, talons 3, able to fly
a: Fly, Renounce Religion


You were on level 9 of the Dungeon.
You worshipped Vehumet.
Vehumet was aware of your devotion.
You were not hungry.

You visited 2 branches of the dungeon, and saw 10 of its levels.

You collected 357 gold pieces.

Inventory:

Hand Weapons
 k - a +0 club
 o - a +1 dagger of electrocution
 y - a +2 flail of protection (weapon)
Armour
 a - a +0 robe
 f - a +2 robe of magic resistance
 j - a +0 pair of gloves (worn)
 s - a +0 robe
 B - a +0 leather armour (worn)
Jewellery
 u - a ring of magical power (right hand)
 G - a ring of see invisible (left hand)
 K - an uncursed ring of magical power
Wands
 D - a wand of flame (16)
 H - a wand of paralysis (8)
Scrolls
 d - 9 scrolls of remove curse
 h - 6 scrolls of teleportation
 i - a scroll of enchant weapon
 m - 2 scrolls of random uselessness
 p - a scroll of amnesia {unknown}
 q - 2 scrolls of fear
 r - 2 scrolls of enchant armour
 v - 4 scrolls of noise
 x - 2 scrolls of blinking {unknown}
 A - 2 scrolls of magic mapping
 C - a scroll of identify
 E - a scroll of fog {unknown}
Potions
 b - 4 potions of degeneration
 e - 2 potions of curing
 g - a potion of ambrosia
 l - a potion of cancellation
 n - a potion of mutation
 t - a potion of brilliance
 w - a potion of berserk rage {unknown}
 z - 2 potions of lignification {unknown}
 F - a potion of agility {unknown}
 I - a potion of magic {unknown}
 J - a potion of might
Comestibles
 c - 7 rations


   Skills:
 + Level 4.1 Fighting
 + Level 5.7 Armour
 - Level 2.1 Dodging
 - Level 2.0 Stealth
 - Level 7.0 Spellcasting
 + Level 8.7 Conjurations
 - Level 5.0 Translocations


You had 11 spell levels left.
You knew the following spells:

 Your Spells              Type           Power        Failure   Level  Hunger
a - Magic Dart            Conj           ####         1%          1    None
b - Searing Ray           Conj           ####..       1%          2    None
c - Iskenderun's Mystic   Conj           ####....     4%          4    ####...
d - Force Lance           Conj/Tloc      ####....     10%         4    ####...

Your spell library contained the following spells:

 Spells                   Type           Power        Failure   Level  Hunger
 Sting                    Conj/Pois      ###.         2%          1    None
 Apportation              Tloc           ###...       2%          1    None
 Dazzling Spray           Conj/Hex       ###...       9%          3    ##.....
 Animate Skeleton         Necr           N/A          17%         1    None
 Beastly Appendage        Tmut           #.....       17%         1    None
 Confusing Touch          Hex            #.....       17%         1    None
 Summon Small Mammal      Summ           #...         17%         1    None
 Sticks to Snakes         Tmut           #.......     26%         2    None
 Fulminant Prism          Conj/Hex       ###.......   28%         4    ####...
 Spider Form              Tmut/Pois      #.........   45%         3    ##.....
 Ice Form                 Ice/Tmut       #.......     86%         4    ####...
 Blade Hands              Tmut           #.........   99%         5    #####..


Dungeon Overview and Level Annotations

Branches:
Dungeon (9/15)             Temple (1/1) D:6
   Lair: D:8-11         Orc: D:9-12

Altars:
Ashenzari
Cheibriados
Dithmenos
Elyvilon
Fedhas
Gozag
Hepliaklqana
Kikubaaqudgha
Makhleb
Nemelex Xobeh
Okawaru
Qazlal
Ru
Sif Muna
Trog
Uskayaw
Vehumet
Wu Jian
Xom
Yredelemnul
Zin
The Shining One


Innate Abilities, Weirdness & Mutations

You have a beak for a mouth.
You have claws for feet.
You can fly continuously.


Message History

You barely miss the orc warrior.
You claw the orc warrior, but do no damage.
You peck the orc warrior, but do no damage.
The orc warrior is severely wounded.
The orc warrior hits you with a +0 war axe!!
Casting: Iskenderun's Mystic Blast (safe; 4% risk of failure)
Confirm with . or Enter, or press ? or * to list all spells.
Aiming: Searing Ray (safe; 1% risk of failure)
Press: ? - help, Shift-Dir - straight line, p - orc warrior You miscast Searing Ray.
You are very lightly contaminated with residual magic.
Nothing appears to happen.
The orc warrior misses you. The orc hits you but does no damage.
The orc warrior hits you with a +0 war axe!!
* * * LOW HITPOINT WARNING * * *
The orc misses you. The orc warrior closely misses you.
You feel better. The orc hits you but does no damage.
A water moccasin comes into view.
The orc warrior hits you with a +0 war axe!
You die...

.#....####### .#....#
#.S### ......# ....#
......# ....#
.############ ...<# .
.# ........#####...#
... .#
..........>.#...#.[..
.#
............#o....[..
.#
............@o.......
##
........#...#...#####
.# ........#########
.# ...........(# .#
..#######...# .# .
#...# .# #...## .#
#....# ## #....#


You could see an orc warrior, a water moccasin (wandering) and an orc.

Vanquished Creatures
  Pikel (D:4)
  Sigmund (D:2)
  A wraith (D:9)
  Eustachio (D:3)
  A water moccasin (D:5)
  2 slaves
  2 phantoms
  2 orc warriors
  A centaur (D:7)
  Blork the orc (D:4)
  4 bullfrogs
  2 scorpions (D:7)
  A water moccasin skeleton (D:9)
  A killer bee (D:7)
  A crimson imp (D:8)
  A centaur zombie (D:2)
  A hound (D:7)
  A jelly (D:5)
  2 bullfrog skeletons
  2 orc wizards
  Jessica (D:3)
  Natasha (twice) (D:2)
  Terence (D:3)
  3 iguanas
  3 worker ants
  2 hound skeletons
  Robin (D:2)
  3 gnolls (D:5)
  A worker ant zombie (D:8)
  9 adders
  4 shadow imps
  An adder skeleton (D:7)
  5 worms
  A dart slug (D:4)
  6 leopard geckos
  15 orcs
  2 ball pythons (D:1)
  6 giant cockroaches
  14 goblins
  10 hobgoblins
  6 quokkas
  10 bats
  6 frilled lizards
  4 kobolds
  11 rats
156 creatures vanquished.

Notes
Turn   | Place    | Note
-------+----------+-------------------------------------------
     0 | D:1      | DiabolicBear the Tengu Conjurer began the quest for the
                  | Orb.
     0 | D:1      | Reached XP level 1. HP: 10/10 MP: 4/4
   176 | D:1      | Reached skill level 1 in Fighting
   290 | D:1      | Reached XP level 2. HP: 16/16 MP: 4/6
  1027 | D:1      | Reached XP level 3. HP: 21/21 MP: 3/7
  1777 | D:1      | Learned a level 2 spell: Searing Ray
  1790 | D:2      | Reached skill level 1 in Armour
  1794 | D:2      | Reached XP level 4. HP: 9/26 MP: 1/8
  2014 | D:2      | Noticed Robin
  2042 | D:2      | Killed Robin
  2246 | D:2      | Found an iron altar of Okawaru.
  2328 | D:2      | Noticed a moth of wrath
  2331 | D:2      | Found a bloodstained altar of Trog.
  2366 | D:2      | Reached skill level 6 in Conjurations
  2730 | D:2      | Gained mutation: You can fly continuously. [Tengu growth]
  2730 | D:2      | Reached XP level 5. HP: 30/30 MP: 6/10
  2762 | D:2      | Noticed Sigmund
  3050 | D:2      | Killed Sigmund
  3050 | D:2      | Reached XP level 6. HP: 12/35 MP: 3/12
  3273 | D:2      | Noticed Natasha
  3278 | D:2      | Killed Natasha
  3383 | D:2      | Noticed Natasha
  3390 | D:2      | Killed Natasha
  3561 | D:3      | Noticed Jessica
  3570 | D:3      | Killed Jessica
  3570 | D:3      | Reached skill level 7 in Conjurations
  4384 | D:3      | Found a sacrificial altar of Ru.
  4528 | D:3      | Noticed Terence
  4535 | D:3      | Killed Terence
  4694 | D:4      | Noticed a slave
  4725 | D:3      | Learned a level 4 spell: Iskenderun's Mystic Blast
  4730 | D:3      | Learned a level 4 spell: Force Lance
  4749 | D:3      | Killed a slave
  5177 | D:4      | Noticed Eustachio
  5496 | D:3      | Killed Eustachio
  5496 | D:3      | Reached XP level 7. HP: 13/40 MP: 2/14
  5702 | D:4      | Noticed Blork the orc
  5713 | D:4      | Killed Blork the orc
  6122 | D:4      | Reached skill level 8 in Conjurations
  6623 | D:4      | Noticed Pikel
  6640 | D:4      | Killed Pikel
  6640 | D:4      | Reached skill level 5 in Spellcasting
  6640 | D:4      | Reached XP level 8. HP: 11/44 MP: 3/17
  7044 | D:5      | Entered Level 5 of the Dungeon
  8052 | D:6      | Found a staircase to the Ecumenical Temple.
  8061 | Temple   | Entered the Ecumenical Temple
  8186 | Temple   | Became a worshipper of Vehumet
  9001 | D:6      | Reached XP level 9. HP: 19/48 MP: 20/20
 10409 | D:7      | Found a white marble altar of Elyvilon.
 11003 | D:7      | Found an ornate altar of the Wu Jian Council.
 11250 | D:7      | Reached skill level 5 in Armour
 11715 | D:8      | Reached skill level 5 in Translocations
 11776 | D:8      | Reached * piety under Vehumet
 11776 | D:8      | Offered knowledge of Sting by Vehumet.
 12250 | D:8      | Found a hazy altar of Hepliaklqana.
 12363 | D:8      | Found a snail-covered altar of Cheibriados.
 13116 | D:9      | Slain by an orc warrior

Levels and vault maps discovered:
D:1:      tarquinn_simple_flora_water_a, layout_basic
D:2:      layout_basic, tgw_trog, lemuel_doored_altar, first_ration,
          minmay_statues_item, uniq_natasha, uniq_robin, uniq_sigmund
D:3:      minmay_wonky_spiral, layout_loops_ring,
          nicolae_ru_the_path_less_chosen, st_stairs_7, uniq_jessica,
          uniq_terence
D:4:      layout_basic, uniq_eustachio, uniq_blork_the_orc, uniq_pikel
D:5:      layout_rooms, dk_noncrumbling_2
D:6:      layout_basic, minmay_temple_entry_grid
D:7:      minmay_general_purpose_star, layout_gridville, elyvilon_altar_4,
          kennysheep_mini, kennysheep_generic_room_7
D:8:      layout_loops_ring, slow_altar_1, basic_altar
D:9:      layout_grid_maze, serial_shops, shop_statue,
          minmay_fractal_squares_gapless_7
Temple:   nicolae_temple_x_marks_the_god

Skill      XL: |  1  2  3  4  5  6  7  8  9 |
---------------+----------------------------+-----
Fighting       | 1 2 4 |  4.1
Armour         | 1 2 3 4 5 |  5.7
Conjurations   | 6 7 8 |  8.7
Spellcasting   | 3 4 5 6 7 |  7.0
Translocations | 3 4 5 |  5.0
Dodging        | |  2.1
Stealth        | |  2.0

Action                   |  1- 3 |  4- 6 |  7- 9 || total
-------------------------+-------+-------+-------++-------
Melee: Unarmed           |    25 |     9 |       ||    34
       Kick              |    10 |     8 |    28 ||    46
       Peck              |     6 |     6 |    15 ||    27
       Club              |     7 |       |       ||     7
       Dagger            |       |    56 |    21 ||    77
       Flail             |       |       |   118 ||   118
 Cast: Magic Dart        |    54 |    78 |   142 ||   274
       Searing Ray       |     2 |     6 |    16 ||    24
       Iskenderun's Myst |       |     6 |    19 ||    25
       Force Lance       |       |       |     4 ||     4
  Use: Potion            |       |     1 |     3 ||     4
       Scroll            |       |    14 |     6 ||    20
 Stab: Sleeping          |       |     1 |     2 ||     3
  Eat: Chunk             |     4 |     4 |    17 ||    25
       Ration            |       |     3 |     3 ||     6
Armor: Robe              |     7 |    11 |    13 ||    31
       Skin              |       |     2 |       ||     2
       Leather armour    |       |       |    43 ||    43
Dodge: Dodged            |    31 |    98 |   140 ||   269
